 Dungeon Crawl Stone Soup version 0.23.2-1-ga50397a6bc (webtiles) character file.

Game seed: 5683670159113995188

29284 Morbidden the Severer (level 13, -2/122 HPs)
             Began as a Hill Orc Fighter on May 11, 2019.
             Was a High Priest of Zin.
             Slain by a death scarab (11 damage)
             ... in a Gauntlet.
             The game lasted 00:37:24 (16776 turns).

Morbidden the Severer (Hill Orc Fighter)           Turns: 16776, Time: 00:37:25

Health: -2/122     AC: 17    Str: 29    XL:     13   Next: 44%
Magic:  20/20      EV:  7    Int:  8    God:    Zin [*****.]
Gold:   764        SH: 13    Dex: 13    Spells: 12/12 levels left

rFire    . . .     SeeInvis .   E - +2 war axe (curse)
rCold    . . .     Gourm    .   c - +1 shield
rNeg     . . .     Faith    .   r - +0 plate armour
rPois    .         Spirit   .   (no helmet)
rElec    +         Reflect  .   (no cloak)
rCorr    .         Harm     .   z - +0 pair of gloves (curse)
MR       +....     NoTele   +   L - +0 pair of boots {Fly}
Stlth    ..........             (no amulet)
HPRegen  0.30/turn              H - ring of Curiosity {rElec MR+ Str+5 Dex+3}
MPRegen  0.17/turn              u - +2 ring of slaying

@: reciting, flying, hasted and slowed
A: no striking features
a: Recite, Vitalisation, Imprison, Sanctuary, Donate Gold, Renounce Religion,
Stop Flying


You were in a Gauntlet.
You worshipped Zin.
Zin was extremely pleased with you.
You were hungry.

You visited 3 branches of the dungeon, and saw 17 of its levels.
You also visited: Sewer and Gauntlet.

You collected 848 gold pieces.
You donated 84 gold pieces to Zin.

Inventory:

Hand Weapons
 E - a cursed +2 war axe (weapon)
 K - the +6 trident of Sunlight {elec, Str+4}
   (You found it on level 6 of the Lair of Beasts)

   Occasionally, upon striking a foe, it will discharge some electrical energy
   and cause terrible harm.
   It affects your strength (+4).
Armour
 c - a +1 shield (worn)
 r - a +0 plate armour (worn)
 z - a cursed +0 pair of gloves (worn)
 C - a +0 pair of boots
 L - a +0 pair of boots of flying (worn)
Jewellery
 a - an uncursed ring of stealth
 b - an uncursed ring of resist corrosion
 u - a +2 ring of slaying (right hand)
 G - the ring of Wanemn {MP+9 Str+4 Int+3}
   (You found it in a Gauntlet)

   [ring of magical power]

   It affects your strength (+4).
   It affects your intelligence (+3).
   It affects your magic capacity (+9).
 H - the ring of Curiosity (left hand) {rElec MR+ Str+5 Dex+3}
   (You found it on level 4 of the Lair of Beasts)

   [ring of dexterity]

   It affects your strength (+5).
   It affects your dexterity (+3).
   It insulates you from electricity.
   It affects your resistance to hostile enchantments.
Wands
 d - a wand of acid (19)
 j - a wand of iceblast (13)
 t - a wand of digging (6)
 A - a wand of disintegration (6)
 I - a wand of enslavement (6)
Scrolls
 e - a scroll of identify
 h - 2 scrolls of amnesia
 k - 13 scrolls of teleportation
 m - a scroll of immolation
 o - 3 scrolls of fog
 p - a scroll of magic mapping
 w - 3 scrolls of remove curse
 y - 3 scrolls of enchant weapon
 B - 7 scrolls of enchant armour
 F - a scroll of blinking
Potions
 f - a potion of haste
 g - a potion of invisibility
 i - 4 potions of curing
 l - 3 potions of might
 n - 2 potions of resistance
 s - a potion of magic
 v - 2 potions of flight
 x - a potion of berserk rage
 D - 3 potions of ambrosia
 J - a potion of agility
Comestibles
 q - 19 rations


   Skills:
 * Level 13.2 Fighting
 * Level 17.4 Axes
 + Level 9.4 Armour
 + Level 1.2 Dodging
 - Level 0.1 Stealth
 + Level 9.0 Shields
 * Level 10.1 Invocations
 + Level 1.7 Evocations


You had 12 spell levels left.
You didn't know any spells.
Your spell library contained the following spells:

 Spells                   Type           Power        Failure   Level  Hunger
 Corona                   Hex            #......      100%        1    ##.....
 Ensorcelled Hibernation  Hex/Ice        #.....       100%        2    ###....
 Confuse                  Hex            #.......     100%        3    ####...
 Dazzling Spray           Conj/Hex       #.....       100%        3    ####...
 Ignite Poison            Fire/Tmut/Pois #.......     100%        3    ####...
 Tukima's Dance           Hex            #.......     100%        3    ####...
 Fireball                 Conj/Fire      #.........   100%        5    ######.
 Bolt of Fire             Conj/Fire      #.........   100%        6    #######
 Ring of Flames           Chrm/Fire      #.........   100%        7    #######
 Ignition                 Fire           #.........   100%        8    #######


Dungeon Overview and Level Annotations

Branches:
Dungeon (10/15)            Temple (1/1) D:6            Lair (6/6) D:9
 Shoals (0/4) Lair:4       Spider (0/4) Lair:2        Slime (0/5) Lair:6
    Orc (0/2) D:10

Altars:
Ashenzari
Cheibriados
Dithmenos
Elyvilon
Fedhas
Gozag
Hepliaklqana
Kikubaaqudgha
Makhleb
Nemelex Xobeh
Okawaru
Qazlal
Ru
Sif Muna
Trog
Uskayaw
Vehumet
Wu Jian
Xom
Yredelemnul
Zin
The Shining One

Shops:
D:9 *

Annotations:
Lair:1 3 runed translucent doors, Mily's ghost, journeyman TrAM
Lair:6 3 runed translucent doors, Jabberih's ghost, journeyman HOFi Gauntlet 7 transporters


Message History

The death scarab barely misses you.
Unknown command.
You clear your throat and prepare to recite. "And so Zin bade the squalid dregs to come before..."
The death scarab bites you!!
* * * LOW HITPOINT WARNING * * *
The death scarab drains your vigour!
You feel as though you will be slow longer.
The death scarab draws strength from your injuries!
The spectral black mamba bites the spectral death yak but does no damage.
You block the spectral death yak's attack.
Unknown command.
Unknown command.
Okay, then.
You feel better. "...the altar, that judgement might be passed..."
The death scarab is smitten by the wrath of Zin.
The death scarab is severely damaged.
The death scarab bites you!
You die...

## ### ### ### ### ### ### 8# #8#
#8# #8# #8# #8# #8#
###########################
.........................≈#
..........................###
##########...###########..#8#
.§§§≈..§§#.8.#.........#..###
§§≈§≈≈§§§#...#.s##^##..#..#
..§§..≈.§#####.#@.#..#.#..#####
....≈§§§.#...#.#Z©#..#=#..#≈8≈#
.§≈..≈§.©#©.©#.Z#####.©#..#...###
≈.§.≈§§..#...#.#..#..#=#..#.8....
§§§§.§≈.≈#####.#..#..#(#..#...###
.§≈÷.§≈≈.#...#sZ##^##..#..#.8....
.÷©§§....#.§.#......^..#..#...#.#
##########§§§###########..#...# #
...........≈§............≈#.©.#


You could see a spectral black mamba (confused), a spectral death yak and a
death scarab.

Vanquished Creatures
  A two-headed ogre (D:9)
  2 death scarabs (Gauntlet)
  8 death yaks
  Nergalle (Lair:2)
  A fire crab (Lair:4)
  A spectral hydra (Gauntlet)
  Pikel (D:7)
  An orb spider (Lair:2)
  A merfolk siren (Lair:4)
  8 spiny frogs
  A torpor snail (Gauntlet)
  A kobold demonologist (D:10)
  2 rime drakes
  A komodo dragon (Lair:3)
  A troll (D:10)
  2 polar bears
  5 blink frogs (Lair:4)
  4 dream sheep (Lair:4)
  5 hippogriffs
  2 wyverns
  25 yaks
  3 hogs (D:9)
  A human (D:9)
  2 wraiths
  2 basilisks
  A hungry ghost (D:10)
  A steam dragon (D:10)
  A spectral komodo dragon (Gauntlet)
  5 water moccasins
  A spectral spiny frog (Gauntlet)
  7 porcupines
  A sky beast (D:9)
  3 orc warriors
  2 phantoms
  2 black bears (D:9)
  A necrophage (D:10)
  10 ogres
  6 crocodiles
  3 wolves (D:9)
  4 centaurs
  11 big kobolds
  5 bullfrogs
  2 scorpions
  4 killer bees (D:9)
  13 wights
  3 howler monkeys (D:9)
  An electric eel (Lair:3)
  3 crimson imps
  3 bullfrog zombies
  2 centaur zombies
  2 hounds
  A quasit (D:7)
  4 jellies
  6 orc wizards
  2 bullfrog skeletons
  5 orc priests
  2 iguanas (D:10)
  5 worker ants
  2 hound zombies
  A hound skeleton (D:5)
  13 adders
  11 gnolls
  A howler monkey skeleton (D:7)
  An ooze (D:3)
  An adder skeleton (D:7)
  5 worms
  A dart slug (D:1)
  11 leopard geckos
  27 orcs
  2 ball pythons
  4 giant cockroaches
  2 gnoll zombies (D:2)
  11 goblins
  14 hobgoblins
  10 jackals
  4 quokkas
  10 bats
  9 frilled lizards
  A jackal skeleton (D:3)
  26 kobolds
  A quokka skeleton (D:4)
  14 rats
  4 fungi
  5 plants
395 creatures vanquished.

Vanquished Creatures (others)
  A porcupine (Lair:4)
  A bullfrog (D:8)
  An electric eel (D:8)
  A bullfrog zombie (D:8)
  A fungus (D:9)
  4 plants
  22 withered plants (Gauntlet)
31 creatures vanquished.

Grand Total: 426 creatures vanquished

Notes
Turn   | Place    | Note
-------+----------+-------------------------------------------
     0 | D:1      | Morbidden the Hill Orc Fighter began the quest for the Orb.
     0 | D:1      | Reached XP level 1. HP: 19/19 MP: 1/1
   131 | D:1      | Reached XP level 2. HP: 24/27 MP: 2/2
   232 | D:1      | Reached skill level 3 in Axes
   426 | D:1      | Reached XP level 3. HP: 34/34 MP: 3/3
  1057 | D:2      | Reached skill level 4 in Axes
  1060 | D:2      | Found a basalt altar of Yredelemnul.
  1177 | D:2      | Found a shimmering altar of Xom.
  1211 | D:2      | Reached XP level 4. HP: 28/41 MP: 4/4
  1477 | D:2      | Found a white marble altar of Elyvilon.
  1642 | D:2      | Found a sparkling altar of Nemelex Xobeh.
  2085 | D:3      | Found a sacrificial altar of Ru.
  2214 | D:3      | Reached skill level 5 in Axes
  2214 | D:3      | Reached XP level 5. HP: 42/47 MP: 5/5
  2327 | D:3      | Reached skill level 5 in Fighting
  2349 | D:3      | Found a glowing drain.
  2373 | Sewer    | Entered a sewer
  2743 | Sewer    | Reached skill level 6 in Axes
  2743 | Sewer    | Reached XP level 6. HP: 53/56 MP: 6/6
  3911 | D:4      | Found a blossoming altar of Fedhas.
  3914 | D:4      | Found a stormy altar of Qazlal.
  3919 | D:4      | Found a deep blue altar of Sif Muna.
  3944 | D:4      | Reached skill level 7 in Axes
  3944 | D:4      | Reached XP level 7. HP: 61/61 MP: 7/7
  4283 | D:5      | Entered Level 5 of the Dungeon
  4293 | D:5      | Found an ornate altar of the Wu Jian Council.
  4526 | D:5      | Reached skill level 8 in Axes
  4657 | D:5      | Found a burning altar of Makhleb.
  4673 | D:5      | Reached XP level 8. HP: 68/70 MP: 8/8
  4725 | D:5      | Found a shadowy altar of Dithmenos.
  4819 | D:6      | Reached skill level 9 in Axes
  4819 | D:6      | Reached skill level 5 in Armour
  5129 | D:6      | Found a staircase to the Ecumenical Temple.
  5188 | Temple   | Entered the Ecumenical Temple
  5200 | Temple   | Became a worshipper of Zin the Law-Giver
  5200 | Temple   | Reached * piety under Zin
  5400 | D:6      | Reached skill level 10 in Axes
  5493 | D:6      | Reached skill level 5 in Shields
  5493 | D:6      | Reached skill level 1 in Invocations
  6119 | D:7      | Reached XP level 9. HP: 66/79 MP: 10/10
  6139 | D:7      | Reached ** piety under Zin
  6162 | D:7      | Reached skill level 11 in Axes
  6959 | D:8      | Noticed Pikel
  6971 | D:7      | Killed Pikel
  6971 | D:7      | Reached skill level 12 in Axes
  7005 | D:8      | Reached *** piety under Zin
  7017 | D:8      | Found a glowing golden altar of the Shining One.
  7022 | D:8      | Found a radiant altar of Vehumet.
  7040 | D:8      | Reached XP level 10. HP: 28/88 MP: 11/13
  7057 | D:8      | HP: 2/88 [wight/+0 halberd (3)]
  7694 | D:9      | HP: 3/90 [killer bee (6)]
  8087 | D:9      | Reached skill level 5 in Invocations
  8463 | D:9      | Reached skill level 13 in Axes
  8752 | D:9      | Found a staircase to the Lair.
  9054 | D:9      | Noticed a two-headed ogre
  9247 | D:9      | Killed a two-headed ogre
  9586 | D:9      | Found Hoepn's General Store.
  9842 | D:9      | Reached XP level 11. HP: 88/97 MP: 16/16
  9850 | D:9      | Reached skill level 14 in Axes
  9936 | D:9      | Reached **** piety under Zin
  9949 | D:10     | Entered Level 10 of the Dungeon
 10029 | Lair:1   | Entered Level 1 of the Lair of Beasts
 10266 | D:10     | Reached skill level 10 in Fighting
 10570 | D:10     | Reached skill level 15 in Axes
 10597 | D:10     | Found a staircase to the Orcish Mines.
 10723 | D:10     | Reached skill level 1 in Dodging
 10972 | Lair:1   | Reached ***** piety under Zin
 11114 | Lair:1   | Found a runed translucent gate.
 11212 | Lair:1   | Found a runed translucent gate.
 11213 | Lair:1   | Found a runed translucent gate.
 11218 | Lair:1   | Noticed a 12-headed hydra
 11218 | Lair:1   | Noticed Mily's ghost (journeyman TrAM)
 11775 | Lair:2   | Noticed Nergalle
 11791 | Lair:2   | Killed Nergalle
 12111 | Lair:2   | Reached XP level 12. HP: 55/110 MP: 18/18
 12494 | Lair:2   | Found a hole to the Spider Nest.
 12757 | Lair:2   | You fall through a shaft for 2 floors!
 12771 | Lair:4   | Reached skill level 16 in Axes
 12916 | Lair:4   | Found a staircase to the Shoals.
 12929 | Lair:4   | Reached skill level 1 in Evocations
 13193 | Lair:4   | Got a smoking amber ring
 13205 | Lair:4   | Identified the ring of Curiosity {rElec MR+ Str+5 Dex+3}
                  | (You found it on level 4 of the Lair of Beasts)
 13537 | Lair:4   | Noticed a death yak
 13540 | Lair:4   | Noticed a death yak
 13550 | Lair:4   | Killed a death yak
 13564 | Lair:4   | Killed a death yak
 14786 | Lair:3   | Reached skill level 17 in Axes
 14855 | Lair:3   | Reached XP level 13. HP: 41/119 MP: 20/20
 15952 | Lair:5   | You fall through a shaft!
 15952 | Lair:6   | Entered Level 6 of the Lair of Beasts
 15975 | Lair:6   | Got an ancient trident
 15991 | Lair:6   | Found a runed translucent gate.
 15991 | Lair:6   | Found a runed translucent gate.
 15991 | Lair:6   | Found a runed translucent gate.
 15991 | Lair:6   | Noticed Jabberih's ghost (journeyman HOFi)
 16011 | Lair:6   | Found a gate leading to a gauntlet.
 16020 | Gauntlet | Entered a Gauntlet
 16020 | Gauntlet | Found a transporter.
 16020 | Gauntlet | Found a transporter.
 16022 | Gauntlet | Found a transporter.
 16025 | Gauntlet | Found a transporter.
 16025 | Gauntlet | Found a transporter.
 16027 | Gauntlet | Found a transporter.
 16035 | Gauntlet | Found a transporter.
 16039 | Gauntlet | Found a transporter.
 16049 | Gauntlet | Found a transporter.
 16150 | Gauntlet | Found a transporter.
 16154 | Gauntlet | Found a transporter.
 16164 | Gauntlet | Found a transporter.
 16396 | Gauntlet | Identified the +6 trident of Sunlight {elec, Str+4} (You
                  | found it on level 6 of the Lair of Beasts)
 16397 | Gauntlet | Noticed a dire elephant
 16398 | Gauntlet | Noticed an ettin
 16398 | Gauntlet | a tyrant leech changed into an ettin
 16399 | Gauntlet | an ettin changed into a tyrant leech
 16403 | Gauntlet | Noticed a spark wasp
 16403 | Gauntlet | a four-headed hydra changed into a spark wasp
 16404 | Gauntlet | Noticed an entropy weaver
 16404 | Gauntlet | a spark wasp changed into an entropy weaver
 16405 | Gauntlet | an entropy weaver changed into a tyrant leech
 16410 | Gauntlet | Noticed a fire dragon
 16410 | Gauntlet | a tyrant leech changed into a fire dragon
 16412 | Gauntlet | Noticed an ettin
 16412 | Gauntlet | a fire dragon changed into an ettin
 16430 | Gauntlet | Reached skill level 10 in Invocations
 16451 | Gauntlet | Got a scorched brass ring
 16458 | Gauntlet | Identified the ring of Wanemn {MP+9 Str+4 Int+3} (You found
                  | it in a Gauntlet)
 16775 | Gauntlet | HP: 3/122 [death scarab (24)]
 16776 | Gauntlet | Slain by a death scarab

Skill      XL: |  1  2  3  4  5  6  7  8  9 10 11 12 13 |
---------------+----------------------------------------+-----
Fighting       | 4 5 7 8 9 11 12 13 | 13.2
Axes           | 3 4 5 6 7 8 10 12 13 15 17 | 17.4
Armour         | 4 5 6 7 8 9 |  9.4
Shields        | 4 5 6 7 8 9 |  9.0
Invocations    | 1 4 6 8 9 10 | 10.1
Dodging        | 1 |  1.2
Evocations     | 1 |  1.7
Stealth        | |  0.1

Action                   |  1- 3 |  4- 6 |  7- 9 | 10-12 | 13-15 || total
-------------------------+-------+-------+-------+-------+-------++-------
Melee: War axe           |   127 |   300 |   350 |   717 |    93 ||  1587
Invok: Recite            |       |       |     8 |    13 |     4 ||    25
       Vitalisation      |       |       |     1 |     4 |     1 ||     6
       Imprison          |       |       |       |     1 |       ||     1
Evoke: Wand              |       |       |       |    13 |     1 ||    14
  Use: Scroll            |       |     4 |       |    14 |    10 ||    28
       Potion            |       |       |     2 |     6 |     4 ||    12
 Stab: Confused          |       |       |       |     2 |       ||     2
       Invisible         |       |       |       |     1 |       ||     1
       Paralysed         |       |       |       |     1 |       ||     1
  Eat: Chunk             |     1 |     3 |     6 |    13 |     3 ||    26
       Ration            |       |     2 |     1 |     4 |     1 ||     8
Armor: Scale mail        |    55 |   114 |       |       |       ||   169
       Plate armour      |       |    49 |   184 |   291 |    29 ||   553
Dodge: Dodged            |    42 |    96 |    72 |   127 |    24 ||   361
Block: Shield            |    61 |   152 |   191 |   362 |    59 ||   825
